 Dungeon Crawl Stone Soup version 0.22.1-1-ga44c0e56f4 (webtiles) character file.

60 Nixze the Magician (level 3, -3/19 HPs)
             Began as a Deep Elf Venom Mage on Nov 2, 2018.
             Slain by a gnoll
             ... wielding a +0 flail
              (8 damage)
             ... on level 2 of the Dungeon.
             The game lasted 00:03:46 (2234 turns).

Nixze the Magician (Deep Elf Venom Mage)            Turns: 2234, Time: 00:03:46

Health: -3/19      AC:  3    Str:  5    XL:     3   Next: 82%
Magic:  0/10       EV: 13    Int: 20    God:
Gold:   45         SH:  0    Dex: 15    Spells: 7/10 levels left

rFire    . . .     SeeInvis .   h - +0 dagger
rCold    . . .     Gourm    .   (no shield)
rNeg     . . .     Faith    .   a - +0 robe
rPois    .         Spirit   .   i - +0 helmet
rElec    .         Reflect  .   (no cloak)
rCorr    .         Harm     .   (no gloves)
MR       .....                  (no boots)
Stlth    ++........             (no amulet)
HPRegen  0.06/turn              (no ring)
MPRegen  0.12/turn              (no ring)

@: no status effects
A: no striking features
a: no special abilities


You were on level 2 of the Dungeon.
You were hungry.

You visited 1 branch of the dungeon, and saw 2 of its levels.

You collected 45 gold pieces.

Inventory:

Hand Weapons
 h - a +0 dagger (weapon)
Armour
 a - a +0 robe (worn)
 i - a +0 helmet (worn)
Scrolls
 b - 3 scrolls of noise {unknown}
 f - a scroll of blinking {unknown}
 j - a scroll of enchant weapon {unknown}
 m - a scroll of identify {unknown}
Potions
 d - a potion of agility {unknown}
 e - a potion of might
 g - 2 potions of haste {unknown}
 k - 2 potions of curing {unknown}
 l - a potion of brilliance {unknown}
 n - a potion of lignification {unknown}
Comestibles
 c - 6 rations
 o - a chunk of flesh


   Skills:
 - Level 2.4 Dodging
 - Level 2.4 Stealth
 + Level 4.1 Spellcasting
 + Level 2.4 Conjurations
 + Level 4.1 Poison Magic


You had 7 spell levels left.
You knew the following spells:

 Your Spells              Type           Power        Failure   Level  Hunger
a - Sting                 Conj/Pois      ###.         3%          1    None
b - Poisonous Vapours     Pois/Air       ##....       9%          2    #......

Your spell library contained the following spells:

 Spells                   Type           Power        Failure   Level  Hunger
 Mephitic Cloud           Conj/Pois/Air  ##......     16%         3    ###....
 Olgreb's Toxic Radiance  Pois           ###.....     24%         4    ####...
 Venom Bolt               Conj/Pois      ###.......   67%         5    ######.


Dungeon Overview and Level Annotations

Branches:
Dungeon (2/15)

Altars:


Message History

Aiming: Sting (safe; 3% risk of failure)
Press: ? - help, Shift-Dir - straight line, f/p - gnoll
Aim: a gnoll, wielding a flail (severely wounded)
The sting misses the gnoll.
The gnoll barely misses you.
You barely miss the gnoll.
The gnoll is severely wounded.
The gnoll hits you with a flail.
You barely miss the gnoll.
The gnoll is severely wounded.
The gnoll misses you.
You hit the gnoll.
The gnoll is almost dead.
You hit the gnoll but do no damage.
The gnoll is almost dead.
The gnoll hits you with a flail.
* * * LOW HITPOINT WARNING * * *
You hit the gnoll but do no damage.
The gnoll is almost dead.
The gnoll hits you with a flail!
You die...

#......####.##.#
##.## #####..#
#.##.# #†.. #..#
#.##.# ###.#
######..# #.##.#
.# #.......#
#..... #
#.#####.# ####..
#.# #.. #<# #@#
#g# .
#.#######....
#.)..%.......
#########..##
#### ...


You could see a gnoll.

Vanquished Creatures
  2 gnolls (D:2)
  2 adder zombies (D:2)
  An adder skeleton (D:2)
  A leopard gecko (D:2)
  A bat (D:1)
  A bat zombie (D:2)
  3 giant cockroaches
  5 goblins
  2 hobgoblins
  A ball python skeleton (D:2)
  5 frilled lizards
  A giant cockroach zombie (D:2)
  4 kobolds
  A quokka skeleton (D:2)
  3 rats
33 creatures vanquished.

Notes
Turn   | Place    | Note
-------+----------+-------------------------------------------
     0 | D:1      | Nixze the Deep Elf Venom Mage began the quest for the Orb.
     0 | D:1      | Reached XP level 1. HP: 10/10 MP: 6/6
   363 | D:1      | Reached XP level 2. HP: 15/15 MP: 6/8
   367 | D:1      | Learned a level 2 spell: Poisonous Vapours
  1704 | D:2      | Reached XP level 3. HP: 1/19 MP: 10/10
  2234 | D:2      | Slain by a gnoll

Skill      XL: |  1  2  3 |
---------------+----------+-----
Conjurations   | 2 |  2.4
Spellcasting   | 4 |  4.1
Poison Magic   | 4 |  4.1
Dodging        | |  2.4
Stealth        | |  2.4

Action                   || total
-------------------------++-------
Melee: Dagger            ||    56
 Cast: Sting             ||    26
       Poisonous Vapours ||    19
  Use: Potion            ||     1
 Stab: Sleeping          ||     2
  Eat: Chunk             ||     4
Armor: Robe              ||    14
Dodge: Dodged            ||    41
